 Dungeon Crawl Stone Soup version 0.24.1-8-ga250c9d538 (webtiles) character file.

Game seed: 4875573877308020550, levelgen mode: deterministic

987 Peloso the Slasher (level 7, -4/54 HPs)
             Began as a Demonspawn Fighter on Apr 28, 2020.
             Killed by divine providence
             ... invoked by an orc priest
              (11 damage)
             ... on level 6 of the Dungeon.
             The game lasted 00:08:21 (4292 turns).

Peloso the Slasher (Demonspawn Fighter)             Turns: 4292, Time: 00:08:21

Health: -4/54      AC:  8    Str: 18    XL:     7   Next: 97%
Magic:  7/7        EV:  8    Int: 10    God:
Gold:   276        SH:  9    Dex: 12    Spells: 6/6 levels left

rFire    . . .     SeeInvis .   a - +1 long sword
rCold    . . .     Gourm    .   c - +0 shield
rNeg     . . .     Faith    .   v - +0 scale mail
rPois    .         Spirit   .   (no helmet)
rElec    .         Reflect  .   s - +0 cloak {+Inv}
rCorr    .         Harm     .   (no gloves)
MR       .....                  (no boots)
Stlth    ..........             i - amulet of rage
HPRegen  0.18/turn              (no ring)
MPRegen  0.10/turn              (no ring)

@: no status effects
A: claws 1, powered by pain 2
a: Evoke Berserk Rage, Evoke Invisibility


You were on level 6 of the Dungeon.
You were near starving.

You visited 1 branch of the dungeon, and saw 6 of its levels.

You collected 276 gold pieces.

Inventory:

Hand Weapons
 a - a +1 long sword (weapon)
 b - the +6 spear "Geraoxunn" {pierce, *Corrode rElec rF+ MR++}
   (You found it on level 5 of the Dungeon)

   It inflicts extra damage upon your enemies.
   It protects you from fire.
   It insulates you from electricity.
   It affects your resistance to hostile enchantments.
   It may corrode you when you take damage.
Armour
 c - a +0 shield (worn)
 s - a +0 cloak of invisibility (worn)
 v - a +0 scale mail (worn)
Jewellery
 i - an amulet of rage (around neck)
 m - an uncursed amulet of guardian spirit
Scrolls
 g - a scroll of blinking
 h - 2 scrolls of fear
 n - a scroll of fog {unknown}
 o - 3 scrolls of teleportation
 p - 3 scrolls of remove curse {unknown}
 q - a scroll of magic mapping {unknown}
 t - 2 scrolls of amnesia {unknown}
 w - a scroll of enchant armour {unknown}
Potions
 d - 2 potions of might
 e - a potion of agility
 j - a potion of mutation
 k - a potion of magic
 l - a potion of resistance {unknown}
 r - 2 potions of brilliance {unknown}
 u - a potion of haste
Comestibles
 f - 9 rations


   Skills:
 + Level 4.3 Fighting
 + Level 5.3 Long Blades
 + Level 4.8 Armour
 + Level 1.9 Dodging
 + Level 1.1 Stealth
 + Level 4.4 Shields


You had 6 spell levels left.
You didn't know any spells.
Your spell library was empty.

Dungeon Overview and Level Annotations

Branches:
Dungeon (6/15)             Temple (0/1) D:5

Altars:
Dithmenos
Kikubaaqudgha

Shops:
D:5 [


Innate Abilities, Weirdness & Mutations

You have sharp fingernails.
You sometimes gain power by taking damage.


Message History

The hound is heavily wounded.
Unknown command.
You hit the orc but do no damage. You block the hound's attack.
The hound bites you but does no damage.
Unknown command.
You closely miss the orc wizard.
The orc wizard is moderately wounded.
The hound bites you.
* * * LOW HITPOINT WARNING * * *
The orc wizard closely misses you. The hound bites you but does no damage.
The orc priest begins to cast a cantrip, but forgets the words!
Unknown command.
You closely miss the orc wizard.
The orc wizard is moderately wounded.
You block the hound's attack. The orc wizard barely misses you.
You riposte.
You miss the orc wizard.
The orc wizard is moderately wounded.
The orc priest invokes the aid of Beogh against you.
Beogh smites you!
You die...

#..## . #....
..#.... #####.
....... ......
....... #......
....... .......
......Y###ho(....


#Jhh@oooh.... ......#####ho...# $...# ##### ### You could see an ice beast, a
hound, a jelly, an orc priest, an orc wizard, 3 orcs and 4 jackals.

Vanquished Creatures
  Sigmund (D:3)
  2 ice beasts
  An ogre (D:5)
  A necrophage (D:5)
  2 scorpions (D:4)
  2 hounds (D:5)
  2 centaur skeletons
  An orc wizard (D:6)
  2 worker ants (D:5)
  A worker ant zombie (D:5)
  10 adders
  An ooze (D:5)
  An adder skeleton (D:5)
  2 worms
  2 dart slugs (D:1)
  6 leopard geckos
  4 orcs
  A ball python (D:3)
  7 giant cockroaches
  8 goblins
  5 hobgoblins
  3 quokkas
  7 bats
  3 frilled lizards
  A giant cockroach zombie (D:5)
  A jackal skeleton (D:5)
  5 kobolds
  A quokka skeleton (D:5)
  4 rats
87 creatures vanquished.

Notes
Turn   | Place    | Note
-------+----------+-------------------------------------------
     0 | D:1      | Peloso the Demonspawn Fighter began the quest for the Orb.
     0 | D:1      | Reached XP level 1. HP: 18/18 MP: 1/1
    97 | D:1      | Gained mutation: You have sharp fingernails. [demonic
                  | ancestry]
    97 | D:1      | Reached XP level 2. HP: 16/24 MP: 2/2
   667 | D:2      | Reached skill level 2 in Long Blades
   667 | D:2      | Reached XP level 3. HP: 8/29 MP: 3/3
  1254 | D:2      | Gained mutation: You sometimes gain a little power by
                  | taking damage. [demonic ancestry]
  1254 | D:2      | Reached XP level 4. HP: 35/35 MP: 4/4
  1542 | D:3      | Noticed Sigmund
  1555 | D:3      | Killed Sigmund
  1555 | D:3      | Reached skill level 3 in Long Blades
  1555 | D:3      | Gained mutation: You sometimes gain power by taking damage.
                  | [demonic ancestry]
  1555 | D:3      | Reached XP level 5. HP: 9/41 MP: 1/5
  1848 | D:3      | Reached skill level 1 in Dodging
  2187 | D:3      | Reached XP level 6. HP: 47/47 MP: 6/6
  2279 | D:3      | Found a shadowy altar of Dithmenos.
  3182 | D:5      | Entered Level 5 of the Dungeon
  3203 | D:5      | Reached skill level 4 in Long Blades
  3415 | D:5      | Reached skill level 1 in Stealth
  3415 | D:5      | Reached XP level 7. HP: 40/53 MP: 7/7
  3494 | D:5      | HP: 2/54 [poisoned by a worker ant]
  3571 | D:5      | Got a polished spear
  3591 | D:5      | Identified the +6 spear "Geraoxunn" {pierce, *Corrode rElec
                  | rF+ MR++} (You found it on level 5 of the Dungeon)
  3783 | D:5      | Found a staircase to the Ecumenical Temple.
  3823 | D:5      | Found Pyen's Armour Shoppe.
  3927 | D:5      | Reached skill level 5 in Long Blades
  3930 | D:5      | Found an ancient bone altar of Kikubaaqudgha.
  4292 | D:6      | Killed from afar by an orc priest

Levels and vault maps discovered:
D:1:      lightli_arrival_boilingwater, layout_basic
D:2:      layout_basic, first_ration
D:3:      layout_loops_corners, grunt_dithmenos_smoke, uniq_sigmund
D:4:      layout_gridville
D:5:      layout_basic, marbit_many_paths, minmay_temple_entry_mini_moons,
          serial_shops, shop, minmay_bent
D:6:      layout_rooms, uniq_blork_the_orc

Skill      XL: |  1  2  3  4  5  6  7 |
---------------+----------------------+-----
Shields        | 3 4 |  4.4
Armour         | 3 4 |  4.8
Long Blades    | 2 3 4 5 |  5.3
Dodging        | 1 |  1.9
Stealth        | 1 |  1.1
Fighting       | 4 |  4.3

Action                   |  1- 3 |  4- 6 |  7- 9 || total
-------------------------+-------+-------+-------++-------
Melee: Long sword        |    99 |   124 |   129 ||   352
  Use: Potion            |     6 |     2 |     2 ||    10
       Scroll            |       |     5 |       ||     5
  Eat: Chunk             |     1 |     5 |       ||     6
       Ration            |       |     1 |       ||     1
Armor: Scale mail        |    58 |    43 |    63 ||   164
Dodge: Dodged            |    34 |    34 |    58 ||   126
Block: Shield            |    59 |    48 |    77 ||   184
       Rpst.: Long sword |     6 |    10 |    23 ||    39
